 Dungeon Crawl Stone Soup version 0.31-a0-1227-g0136665373 (webtiles) character file.

Game seed: 15078257798671356138

265904 Iich the Severer (level 19, -8/155 HPs)
             Began as a Demonspawn Fighter on Dec 14, 2023.
             Was a High Priest of Cheibriados.
             Killed from afar by an ironbound thunderhulk (27 damage)
             ... with a bolt of lightning
             ... on level 1 of the Vaults on Dec 15, 2023.
             The game lasted 01:16:42 (32241 turns).

Iich the Severer (Demonspawn Fighter)              Turns: 32241, Time: 01:16:42

Health: -8/155     AC: 36    Str: 41    XL:     19   Next: 31%
Magic:  10/31      EV: 17    Int: 23    God:    Cheibriados [*****.]
Gold:   2784       SH: 24    Dex: 29    Spells: 24/31 levels left

rFire   . . .        a - +9 broad axe (flame)
rCold   + + .        Z - +4 tower shield {rC+}
rNeg    + . .        j - +0 plate armour of the Equator {rN+ Str+2}
rPois   +            h - +2 helmet
rElec   .            U - +2 cloak of Gluttony {Slay+2}
rCorr   +            (gloves unavailable)
SInv    +            M - +2 pair of boots
Will    ++...        m - amulet of the Everdark {Regen+ rCorr} Stlth
                     c - +4 ring of slaying
HPRegen 1.25/turn    e - ring "Fisaatt" {^Drain rPois Will+ Dex+3 SInv}
MPRegen 0.22/turn

%: no passive effects
@: sanguine armoured, very slow
A: claws 3, ignite blood 3, spiny 3, augmentation 2, sanguine armour 3, cold
resistance 1
}: 2/15 runes: decaying, gossamer
a: Renounce Religion, Bend Time, Temporal Distortion, Slouch, Step From Time


You were on level 1 of the Vaults.
You worshipped Cheibriados.
Cheibriados was extremely pleased with you.
You visited 7 branches of the dungeon, and saw 32 of its levels.
You also visited: Ossuary and Ice Cave.

You collected 4866 gold pieces.
You spent 2082 gold pieces at shops.

Inventory:

Hand Weapons
 a - a +9 broad axe of flaming (weapon)
Missiles
 A - 2 curare-tipped darts
 X - 4 atropa-tipped darts
Armour
 h - a +2 helmet (worn)
 j - the +0 plate armour of the Equator (worn) {rN+ Str+2}
   (You bought it in a shop on level 2 of the Orcish Mines)

   Str+2:     It affects your strength (+2).
   rN+:       It protects you from negative energy.
 M - a +2 pair of boots (worn)
 N - a +2 cloak of poison resistance
 U - the +2 cloak of Gluttony (worn) {Slay+2}
   (You found it on level 3 of the Spider Nest)

   Slay+2:    It affects your accuracy & damage with ranged weapons and melee
   (+2).
 Z - a +4 tower shield of cold resistance (worn)
Jewellery
 c - a +4 ring of slaying (left claw)
 e - the ring "Fisaatt" (right claw) {^Drain rPois Will+ Dex+3 SInv}
   (You acquired it on level 3 of the Lair of Beasts)

   [ring of see invisible]

   Dex+3:     It affects your dexterity (+3).
   rPois:     It protects you from poison Will+: It increases your willpower.
   SInv:      It lets you see invisible.
   ^Drain:    It drains your maximum health when unequipped.
 m - the amulet of the Everdark (around neck) {Regen+ rCorr}
   (You found it on level 5 of the Lair of Beasts)

   [amulet of regeneration]

   Regen+:    It increases your rate of health regeneration.
   rCorr:     It protects you from acid and corrosion.
 r - an amulet of reflection
 v - a +6 ring of strength
 w - a +5 ring of evasion
 y - a +6 ring of dexterity
 z - a ring of flight
 I - a ring of protection from cold
 P - a ring of poison resistance
Talismans
 Y - a granite talisman
Wands
 b - a wand of paralysis (9)
 D - a wand of digging (18)
 R - a wand of polymorph (11)
 S - a wand of acid (24)
 V - a wand of roots (8)
 W - a wand of mindburst (8)
Scrolls
 f - a scroll of noise
 g - 5 scrolls of fear
 i - 4 scrolls of immolation
 s - 3 scrolls of torment
 t - 15 scrolls of teleportation
 B - 3 scrolls of blinking
 E - 8 scrolls of fog
 F - 3 scrolls of summoning
 G - 3 scrolls of vulnerability
 K - 6 scrolls of enchant weapon
 L - 3 scrolls of revelation
 O - 2 scrolls of poison
 T - a scroll of silence
Potions
 d - 8 potions of might
 k - 8 potions of ambrosia
 l - 3 potions of heal wounds
 n - 2 potions of resistance
 o - 4 potions of attraction
 p - 2 potions of berserk rage
 q - 8 potions of curing
 x - 5 potions of enlightenment
 C - 6 potions of invisibility
 H - 3 potions of cancellation
 J - 6 potions of mutation
 Q - 3 potions of lignification
Miscellaneous
 u - a sack of spiders


   Skills:
 + Level 15.1 Fighting
 - Level 18.0 Axes
 - Level 9.1 Armour
 - Level 10.4 Dodging
 - Level 9.0 Shields
 - Level 6.5 Spellcasting
 - Level 5.8 Necromancy
 + Level 16.1 Invocations
 + Level 8.7 Evocations
 + Level 8.1 Shapeshifting


You had 24 spell levels left.
You knew the following spells:

 Your Spells              Type           Power      Damage    Failure   Level
a - Vampiric Draining     Necr           34%        2d8       24%         3
b - Dispel Undead         Necr           34%        3d15      61%         4

Your spell library contained the following spells:

 Spells                   Type           Power      Damage    Failure   Level
 Sublimation of Blood     Necr           34%        N/A       12%         2
 Kiss of Death            Conj/Necr      80%        2d11      26%         1
 Cigotuvi's Dreadful Rot  Necr/Pois/Air  32%        N/A       50%         2
 Freeze                   Ice            28%        1d5       65%         1
 Shock                    Conj/Air       28%        1d4       65%         1
 Slow                     Hex            28%        N/A       65%         1
 Static Discharge         Conj/Air       14%        3-4/arc   78%         2
 Wereblood                Tmut           7%         N/A       78%         2
 Confusing Touch          Hex            7%         N/A       95%         3
 Frozen Ramparts          Ice            14%        1d3       95%         3
 Gell's Gravitas          Tloc           7%         N/A       95%         3
 Hailstorm                Conj/Ice       7%         3d5       95%         3
 Ozocubu's Armour         Ice            7%         N/A       95%         3
 Sigil of Binding         Hex            7%         N/A       95%         3
 Stone Arrow              Conj/Erth      14%        3d7       95%         3
 Swiftness                Air            7%         N/A       95%         3
 Teleport Other           Tloc           7%         N/A       95%         3
 Airstrike                Air            3%         2d(1-17)  100%        4
 Animate Armour           Summ/Erth      14%        N/A       100%        4
 Petrify                  Tmut/Erth      7%         N/A       100%        4
 Summon Lightning Spire   Summ/Air       7%         N/A       100%        4
 Irradiate                Conj/Tmut      3%         3d12      100%        5
 Lee's Rapid Deconstruct  Erth           3%         3d5*      100%        5
 Metabolic Englaciation   Hex/Ice        3%         N/A       100%        5
 Death Channel            Necr           17%        N/A       100%        6
 Dispersal                Tloc           3%         N/A       100%        6
 Simulacrum               Ice/Necr       10%        N/A       100%        6
 Ozocubu's Refrigeration  Ice            3%         4d8       100%        7
 Summon Hydra             Summ           3%         N/A       100%        7
 Lehudib's Crystal Spear  Conj/Erth      3%         10d3      100%        8
 Polar Vortex             Ice            3%         N/A       100%        9


Dungeon Overview and Level Annotations

Branches:
Dungeon (15/15)            Temple (1/1) D:4            Lair (5/5) D:10
  Swamp (4/4) Lair:2       Spider (4/4) Lair:2        Slime (0/5) Lair:5
    Orc (2/2) D:11            Elf (0/3) Orc:2        Vaults (1/5) D:13
 Depths (0/4) D:15        Ossuary (visited)           IceCv (visited)

Altars:
Ashenzari
Cheibriados
Dithmenos
Fedhas
Gozag
Hepliaklqana
Kikubaaqudgha
Makhleb
Nemelex Xobeh
Okawaru
Qazlal
Ru
Sif Muna
Trog
Uskayaw
Vehumet
Wu Jian
Xom
Yredelemnul

Shops:
D:2 ?   D:7 :   Orc:2 [(=*


Innate Abilities, Weirdness & Mutations

You have claws for hands.
Your demonic aura causes all spilled blood to erupt in flames.
You are completely covered in sharp spines.
Your magical and physical power is enhanced at high health.
When seriously injured, your blood forms very thick armour. (AC +12)
Your flesh is cold resistant. (rC+)


Message History

The freezing wraith freezes you! You resist.
* * * LOW HITPOINT WARNING * * *
You block the freezing wraith's attack.
There is an open door, spattered with blood here.
Items here: )))) [[[ †††.
You take 15 damage, and have 15/155 hp.
You feel much better.
The freezing wraith is struck by your spines.
The freezing wraith hits you but does no damage.
You block the freezing wraith's attack.
You regained 27 hp, and now have 42/155 hp.
You slice the freezing wraith!! You burn the freezing wraith!
The freezing wraith is severely damaged.
Strange energies crackle from the ironbound thunderhulk's apparatus.
The ironbound thunderhulk blinks!
The freezing wraith completely misses you.
The freezing wraith misses you.
You completely miss the freezing wraith.
The freezing wraith is severely damaged.
The harpy is recalled. x2; The ironbound thunderhulk is recalled.
A harpy comes into view. x2
Electricity crackles from the ironbound thunderhulk's apparatus.
The bolt of lightning hits you!
* * * LOW HITPOINT WARNING * * *
An ironbound thunderhulk comes into view.
It is wielding a +0 dire flail.
Strange energies crackle from the ironbound thunderhulk's apparatus.
The ironbound thunderhulk blinks!
You block the freezing wraith's attack. x2
You block the harpy's attack. The harpy claws you but does no damage.
You take 15 damage, and have 28/155 hp.
You hit the freezing wraith. You burn the freezing wraith.
The freezing wraith is almost destroyed.
You closely miss the harpy. You slash the harpy! You burn the harpy.
You block the harpy's attack. x2
The harpy is engulfed in blazing flames.
The harpy is struck by your spines. The harpy claws you!
* * * LOW HITPOINT WARNING * * *
You block the harpy's attack.
Electricity crackles from the ironbound thunderhulk's apparatus.
The bolt of lightning hits you!!
You die...

'# ## ..# .! ....
.##.... '#O....
#+############...#..#
..........##...#.....
........O§@.Hp|).....
.........W#H.........
..........##.).#.§...
..........####...#..#
..........# '#.....
..........# .##....
#########'### .. ...
#...........# ## ..
#...........#


You could see 2 ironbound thunderhulks, an ironbound convoker (catching breath),
a freezing wraith and 2 harpies.

Vanquished Creatures
  Nikola (Spider:2)
  Mlioglotl (Swamp:3)
  A sphinx (Vaults:1)
  Frances (Spider:1)
  9 emperor scorpions
  A vault warden (Vaults:1)
  3 ghouls (Swamp:4)
  A ghost moth (Spider:4)
  3 broodmothers
  5 ironbound preservers (Vaults:1)
  3 very ugly things
  A deep elf annihilator (Vaults:1)
  Azrael (D:14)
  2 ironbound thunderhulks (Vaults:1)
  5 eleionomae
  3 dire elephants
  5 bunyips
  4 spark wasps
  An ettin (Orc:1)
  2 green deaths (Swamp:4)
  5 yaktaur captains (Vaults:1)
  A quicksilver dragon zombie (D:15)
  A vault guard (D:13)
  12 hydras
  An entropy weaver (Spider:3)
  A ghost crab (Swamp:3)
  6 great orbs of eyes
  A jorogumo (Spider:4)
  8 centaur warriors
  3 ironbound frosthearts (Vaults:1)
  6 two-headed ogres
  6 boulder beetles
  A dancing weapon (D:13)
  9 alligators
  A death knight (D:14)
  2 radroaches
  3 tengu warriors (D:14)
  A deep troll earth mage (Vaults:1)
  11 death yaks
  A vampire mage (D:15)
  A thrashing horror (Swamp:4)
  2 orc high priests
  7 demonic crawlers
  11 spriggans
  Amaemon (D:11)
  5 pharaoh ants
  A sun moth (Spider:4)
  6 goliath frogs
  7 skeletal warriors
  A skyshark (Lair:3)
  A spectral death yak (Lair:5)
  Lodul (D:13)
  2 spriggan druids
  A spectral anaconda (Lair:5)
  5 deep trolls (Vaults:1)
  11 orb spiders
  A large abomination (Swamp:4)
  11 bog bodies
  3 ironbound convokers (Vaults:1)
  4 lindwurms
  An obsidian statue (Lair:5)
  8 swamp dragons
  5 necromancers
  An arcanist (Vaults:1)
  9 orc knights
  A deep elf pyromancer (D:12)
  A phantasmal warrior (D:14)
  24 wolf spiders
  7 steelbarb worms
  An oklob plant (Lair:4)
  3 orc sorcerers (Orc:2)
  12 ugly things
  2 manticores
  A cyclops (D:14)
  5 will-o-the-wisps
  4 moths of wrath
  21 elephants
  A black mamba (shapeshifter) (D:15)
  An ice statue (IceCv)
  5 vault sentinels (Vaults:1)
  7 cane toads
  2 kobold blastminers (Orc:1)
  5 black mambas
  4 orange demons
  4 torpor snails
  Maggie (D:8)
  A dire elephant zombie (Lair:5)
  7 komodo dragons
  4 freezing wraiths
  8 yaktaurs (Vaults:1)
  5 rime drakes
  An anaconda simulacrum (IceCv)
  A tengu conjurer (D:15)
  3 meliai (Spider:1)
  3 trolls
  15 hornets
  9 saltlings (Orc:2)
  Prince Ribbit (D:7)
  3 tyrant leeches
  18 blink frogs
  26 tarantellas
  Grinder (D:3)
  A spectral elephant (Lair:5)
  25 jumping spiders
  13 slime creatures
  20 culicivoras
  3 shadows
  4 vampires
  2 spriggan skeletons (D:15)
  2 dire elephant simulacra
  A wraith (D:10)
  4 basilisks
  4 wyverns
  A fire elemental (D:14)
  57 yaks
  44 redbacks
  A steam dragon (D:9)
  Grum (D:10)
  6 death yak simulacra
  17 swamp worms
  5 vampire mosquitoes
  2 spectral cane toads (Lair:5)
  2 wargs
  A harpy simulacrum (IceCv)
  An acid dragon (D:11)
  3 hydra simulacra (IceCv)
  13 water moccasins
  3 hell hounds (D:14)
  8 swamp drakes
  4 black bears
  21 orc warriors
  15 ogres
  3 sky beasts
  An elephant skeleton (Lair:5)
  2 elephant zombies (Lair:5)
  The ghost of Iich the Trooper, an amateur DsFi (D:3)
  25 wolves
  A boggart (Vaults:1)
  4 centaurs
  A phantom (D:6)
  Blork the orc (D:4)
  2 kobold brigands (D:9)
  11 bullfrogs
  6 two-headed ogre simulacra (IceCv)
  7 scorpions
  A gnoll sergeant (D:6)
  A necrophage (Swamp:4)
  8 elephant simulacra
  3 killer bees (D:9)
  4 electric eels
  4 howler monkeys
  3 hounds
  2 centaur skeletons (Ossuary)
  10 orc priests
  15 jellies
  5 iguanas
  Jessica (D:2)
  Terence (D:3)
  17 orc wizards
  5 hell rats (Lair:4)
  2 polar bear simulacra (IceCv)
  3 troll simulacra (IceCv)
  3 spriggan simulacra (IceCv)
  2 wolf simulacra (IceCv)
  A crocodile zombie (Ossuary)
  14 mummies (Ossuary)
  10 gnolls
  11 adders
  3 naga simulacra (IceCv)
  8 river rats (D:9)
  3 shadow imps
  12 white imps
  10 ufetubi
  4 worms
  5 dart slugs
  47 orcs
  6 ball pythons
  8 endoplasms
  6 giant cockroaches
  7 goblins
  8 hobgoblins
  8 jackals
  14 kobolds
  4 quokkas
  10 bats
  2 frilled lizards
  3 gnoll skeletons (Ossuary)
  A kobold skeleton (Ossuary)
  2 orc skeletons (Ossuary)
  16 rats
  10 spectral rats (Ossuary)
1129 creatures vanquished.

Vanquished Creatures (others)
  A tentacled monstrosity (Swamp:4)
  A ghost moth (Spider:4)
  A hell beast (Swamp:4)
  A deep elf pyromancer (D:12)
  2 bloated husks
  A tyrant leech (Swamp:3)
  A redback (Spider:4)
  An orc wizard (D:11)
  26 foxfires
35 creatures vanquished.

Grand Total: 1164 creatures vanquished

Notes
Turn   | Place    | Note
-------+----------+-------------------------------------------
     0 | D:1      | Iich the Demonspawn Fighter began the quest for the Orb.
     0 | D:1      | Reached XP level 1. HP: 18/18 MP: 1/1
    63 | D:1      | Reached skill level 2 in Axes
   125 | D:1      | Gained mutation: You are partially covered in sharp spines.
                  | [demonic ancestry]
   125 | D:1      | Reached XP level 2. HP: 24/24 MP: 2/2
   385 | D:1      | Reached skill level 1 in Dodging
   411 | D:1      | Gained mutation: You are mostly covered in sharp spines.
                  | [demonic ancestry]
   411 | D:1      | Reached XP level 3. HP: 29/29 MP: 3/3
  1034 | D:2      | Found Hetonigi's Magic Scroll Boutique.
  1044 | D:2      | Bought a scroll of identify for 28 gold pieces
  1144 | D:2      | Reached skill level 3 in Axes
  1144 | D:2      | Gained mutation: You have sharp fingernails. [demonic
                  | ancestry]
  1144 | D:2      | Reached XP level 4. HP: 32/35 MP: 4/4
  1574 | D:2      | Noticed Jessica
  1580 | D:2      | Killed Jessica
  1671 | D:2      | Found a faded altar of an unknown god.
  1680 | D:2      | Reached XP level 5. HP: 39/42 MP: 5/5
  1859 | D:3      | Noticed Terence
  1865 | D:3      | Killed Terence
  2074 | D:3      | Noticed Grinder
  2080 | D:3      | Paralysed by Grinder for 2 turns
  2080 | D:3      | Killed Grinder
  2081 | D:3      | Reached skill level 4 in Axes
  2081 | D:3      | Gained mutation: You have very sharp fingernails. [demonic
                  | ancestry]
  2081 | D:3      | Reached XP level 6. HP: 31/49 MP: 6/6
  2196 | D:3      | Found a hazy altar of Hepliaklqana.
  2196 | D:3      | Found a sacrificial altar of Ru.
  2651 | D:3      | Found a runed translucent gate.
  2652 | D:3      | Found a runed translucent gate.
  2654 | D:3      | Found a runed translucent gate.
  2654 | D:3      | Noticed Iich's ghost (amateur DsFi)
  2666 | D:3      | Killed Iich's ghost
  2837 | D:4      | Found a blossoming altar of Fedhas.
  2848 | D:4      | Reached skill level 5 in Axes
  2860 | D:4      | Gained mutation: Your demonic aura sometimes causes spilled
                  | blood to erupt in flames. [demonic ancestry]
  2860 | D:4      | Reached XP level 7. HP: 34/55 MP: 7/7
  2967 | D:4      | Found a staircase to the Ecumenical Temple.
  3000 | Temple   | Entered the Ecumenical Temple
  3043 | Temple   | Became a worshipper of Cheibriados the Contemplative
  3227 | D:4      | Noticed Blork the orc
  3237 | D:4      | Killed Blork the orc
  3597 | D:4      | Reached skill level 5 in Fighting
  3888 | D:5      | Entered Level 5 of the Dungeon
  3917 | D:5      | Reached * piety under Cheibriados
  4020 | D:5      | Reached skill level 6 in Axes
  4185 | D:5      | Reached skill level 1 in Invocations
  4185 | D:5      | Gained mutation: You have claws for hands. [demonic
                  | ancestry]
  4185 | D:5      | Reached XP level 8. HP: 63/63 MP: 8/8
  4613 | D:6      | Reached ** piety under Cheibriados
  4778 | D:6      | Reached skill level 7 in Axes
  5581 | D:7      | Noticed Prince Ribbit
  5592 | D:7      | Killed Prince Ribbit
  5593 | D:7      | Reached skill level 5 in Dodging
  5593 | D:7      | Gained mutation: When seriously injured, your blood forms
                  | armour. (AC +12) [demonic ancestry]
  5593 | D:7      | Reached XP level 9. HP: 36/71 MP: 10/12
  5787 | D:7      | Found a sand-covered staircase.
  5797 | Ossuary  | Entered an ossuary
  5914 | Ossuary  | Reached *** piety under Cheibriados
  6143 | Ossuary  | Reached skill level 8 in Axes
  6285 | D:7      | Reached skill level 5 in Invocations
  6441 | D:7      | Found Hoexkoru's Book Boutique.
  7080 | D:8      | Noticed Maggie
  7095 | D:8      | Killed Maggie
  8118 | D:8      | Gained mutation: Your flesh is cold resistant. (rC+)
                  | [potion of mutation]
  8180 | D:9      | Reached **** piety under Cheibriados
  8186 | D:9      | Reached skill level 9 in Axes
  8190 | D:9      | Gained mutation: When seriously injured, your blood forms
                  | thick armour. (AC +12) [demonic ancestry]
  8190 | D:9      | Reached XP level 10. HP: 66/79 MP: 14/14
  8252 | D:9      | Noticed a two-headed ogre
  8257 | D:9      | Killed a two-headed ogre
  8628 | D:9      | Found a shimmering blue altar of Sif Muna.
  8806 | D:10     | Entered Level 10 of the Dungeon
  8869 | D:10     | Found a shimmering altar of Xom.
  8874 | D:10     | Found a shimmering altar of Xom.
  8878 | D:10     | Found a shimmering altar of Xom.
  8878 | D:10     | Found a shimmering altar of Xom.
  8880 | D:10     | Found a shimmering altar of Xom.
  8932 | D:10     | Found a burning altar of Makhleb.
  8980 | D:10     | Noticed a two-headed ogre
  8991 | D:10     | Killed a two-headed ogre
  9147 | D:10     | Reached skill level 10 in Axes
  9151 | D:10     | Reached ***** piety under Cheibriados
  9493 | D:10     | Noticed Grum
  9507 | D:10     | Killed Grum
  9608 | D:10     | Found a staircase to the Lair.
  9994 | Lair:1   | Entered Level 1 of the Lair of Beasts
 10227 | Lair:1   | Gained mutation: When seriously injured, your blood forms
                  | very thick armour. (AC +12) [demonic ancestry]
 10227 | Lair:1   | Reached XP level 11. HP: 81/87 MP: 17/17
 10890 | Lair:1   | Reached skill level 11 in Axes
 11172 | Lair:1   | Reached XP level 12. HP: 95/95 MP: 18/18
 11177 | Lair:1   | Learned a level 3 spell: Vampiric Draining
 11713 | Lair:2   | Found a hole to the Spider Nest.
 11718 | Lair:2   | Noticed a boulder beetle
 11747 | Lair:2   | Killed a boulder beetle
 11748 | Lair:2   | Reached skill level 1 in Necromancy
 12089 | Lair:2   | Noticed a seven-headed hydra
 12103 | Lair:2   | HP: 4/95 [12-headed hydra (7)]
 12574 | Lair:2   | Noticed a death yak
 12578 | Lair:2   | Noticed a death yak
 12580 | Lair:2   | Noticed a death yak
 12581 | Lair:2   | Noticed a death yak
 12581 | Lair:2   | Noticed a death yak
 12581 | Lair:2   | Noticed a death yak
 12593 | Lair:2   | Killed a death yak
 12593 | Lair:2   | Killed a death yak
 12594 | Lair:2   | Gained mutation: Your magical and physical power is
                  | slightly enhanced at high health. [demonic ancestry]
 12594 | Lair:2   | Reached XP level 13. HP: 70/101 MP: 20/20
 12607 | Lair:2   | Reached skill level 10 in Invocations
 13142 | Lair:2   | Found a staircase to the Swamp.
 13621 | Lair:3   | Reached skill level 5 in Spellcasting
 13641 | Lair:3   | Reached skill level 12 in Axes
 13954 | Lair:3   | Reached skill level 10 in Fighting
 14326 | Lair:3   | Found a radiant altar of Vehumet.
 14852 | Lair:3   | Identified a scroll of acquirement
 14854 | Lair:3   | Acquired the ring "Fisaatt" {^Drain rPois Will+ Dex+3 SInv}
 14860 | Lair:3   | Reached XP level 14. HP: 113/113 MP: 22/22
 15099 | Lair:4   | Reached ****** piety under Cheibriados
 15738 | Lair:4   | Gained mutation: Your demonic aura often causes spilled
                  | blood to erupt in flames. [demonic ancestry]
 15738 | Lair:4   | Reached XP level 15. HP: 115/119 MP: 18/23
 16346 | Lair:5   | Entered Level 5 of the Lair of Beasts
 16384 | Lair:5   | Reached skill level 5 in Necromancy
 16530 | Lair:5   | Found a staircase to the Slime Pits.
 17457 | Lair:5   | Reached skill level 13 in Axes
 17813 | Lair:5   | Identified the amulet of the Everdark {Regen+ rCorr}
 18143 | D:11     | Learned a level 4 spell: Dispel Undead
 18242 | D:11     | Found a staircase to the Orcish Mines.
 18426 | D:11     | Noticed Amaemon
 18436 | D:11     | Killed Amaemon
 19066 | D:12     | Found a frozen archway.
 19081 | IceCv    | Entered an ice cave
 19237 | IceCv    | Identified the ring "Lanag" {rElec MP+9 Stlth+}
 19341 | IceCv    | Reached skill level 1 in Shapeshifting
 20216 | Orc:1    | Entered Level 1 of the Orcish Mines
 20374 | Orc:2    | Entered Level 2 of the Orcish Mines
 20432 | Orc:1    | Reached skill level 10 in Dodging
 20662 | Orc:2    | Found a staircase to the Elven Halls.
 20833 | Orc:2    | Paralysed by an orc sorcerer for 3 turns
 20864 | Orc:2    | Gained mutation: Your magical and physical power is
                  | enhanced at high health. [demonic ancestry]
 20864 | Orc:2    | Reached XP level 16. HP: 127/127 MP: 25/25
 21040 | Orc:2    | Found Boes's Weapon Shop.
 21064 | Orc:2    | Found Zuggur's Jewellery Shop.
 21070 | Orc:2    | Bought a +4 ring of slaying for 1014 gold pieces
 21141 | Orc:2    | Found Mayfir's Antique Armour Emporium.
 21188 | Orc:2    | Found Awuhycle's Assorted Antiques.
 21199 | Orc:2    | Bought a potion of cancellation for 256 gold pieces
 21455 | Orc:2    | Bought a pitted plate armour for 784 gold pieces
 21455 | Orc:2    | Identified the +0 plate armour of the Equator {rN+ Str+2}
                  | (You bought it in a shop on level 2 of the Orcish Mines)
 21590 | D:13     | Identified the +0 long sword "Bummif" {drain, rCorr Int+2}
 21616 | D:13     | Noticed Lodul
 21628 | D:13     | Killed Lodul
 21748 | D:13     | Reached skill level 14 in Axes
 21776 | D:13     | Found a gate to the Vaults.
 22690 | D:14     | Noticed Azrael
 22702 | D:14     | Killed Azrael
 22952 | D:14     | Reached skill level 1 in Evocations
 23291 | D:15     | Entered Level 15 of the Dungeon
 23468 | D:15     | Found a staircase to the Depths.
 23616 | D:15     | Found an ornate altar of the Wu Jian Council.
 24001 | Spider:1 | Entered Level 1 of the Spider Nest
 24223 | Spider:1 | Noticed Frances
 24230 | Spider:1 | Killed Frances
 24605 | Spider:1 | Reached skill level 15 in Axes
 25175 | Spider:2 | Acquired 799 gold pieces
 25218 | Spider:2 | Noticed Nikola
 25229 | Spider:2 | Killed Nikola
 25230 | Spider:2 | Reached XP level 17. HP: 81/136 MP: 26/26
 26146 | Spider:3 | Reached skill level 5 in Shapeshifting
 26239 | Spider:3 | Identified the +2 cloak of Gluttony {Slay+2}
 27105 | Swamp:1  | Entered Level 1 of the Swamp
 27290 | Swamp:1  | Reached skill level 5 in Evocations
 28487 | Swamp:3  | Reached skill level 16 in Axes
 28854 | Swamp:3  | Noticed Mlioglotl
 28872 | Swamp:3  | Noticed a bone dragon
 28873 | Swamp:3  | Killed Mlioglotl
 29107 | Spider:4 | Entered Level 4 of the Spider Nest
 29509 | Spider:4 | Gained mutation: Your demonic aura causes all spilled blood
                  | to erupt in flames. [demonic ancestry]
 29509 | Spider:4 | Reached XP level 18. HP: 125/146 MP: 20/28
 30063 | Spider:4 | Got a gossamer rune of Zot
 30087 | Spider:4 | Identified the +0 hat of Vexation {rF+}
 30559 | Swamp:4  | Entered Level 4 of the Swamp
 30637 | Swamp:4  | Reached skill level 17 in Axes
 30649 | Swamp:4  | Reached skill level 15 in Invocations
 30955 | Swamp:4  | Got a decaying rune of Zot
 30974 | Swamp:4  | Noticed a tentacled monstrosity
 30991 | Swamp:4  | Killed a tentacled monstrosity
 31578 | Vaults:1 | Entered Level 1 of the Vaults
 31603 | Vaults:1 | Gained mutation: You are completely covered in sharp
                  | spines. [demonic ancestry]
 31603 | Vaults:1 | Reached XP level 19. HP: 154/154 MP: 18/30
 31768 | Vaults:1 | Identified the +1 cloak of the Thistle {Rampage rC+ MP-9}
 31954 | Vaults:1 | Reached skill level 15 in Fighting
 32016 | Vaults:1 | Identified the +5 chain mail of Zin's Esteem {^Drain rC+
                  | rN+ Dex+3}
 32231 | Vaults:1 | Reached skill level 18 in Axes
 32241 | Vaults:1 | Killed from afar by an ironbound thunderhulk

Illustrated notes

Levels and vault maps discovered:
D:1:      amcnicky_arrival_blooded_trapdoor, layout_basic
D:2:      layout_loops_ring, shapermc_ecumenical_altar_mp_highgroup,
          serial_shops, nicolae_shop_tiny_glass, uniq_jessica
D:3:      minmay_general_purpose_star, layout_loops_ring,
          gammafunk_temple_overflow_statue, ebering_ghost_rock_garden,
          dreamdust_princess_bridge, uniq_grinder, uniq_terence
D:4:      layout_basic, old_standard_altar, minmay_temple_entry_trees,
          uniq_blork_the_orc
D:5:      layout_rooms
D:6:      minmay_inner_zag, layout_basic, nicolae_grassy_gnolls
D:7:      layout_loops_corners, enter_ossuary_2, serial_shops,
          nicolae_shop_rolling_square, kennysheep_generic_room_3,
          uniq_prince_ribbit1
D:8:      layout_gridville, tso_metal_star, uniq_maggie
D:9:      layout_big_octagon, nicolae_overflow_hidden_temple,
          dk_rats_in_the_wall
D:10:     layout_basic, mainiacjoe_overflow_catwalk, xom_shifter_show,
          lair_entry_dummy, uniq_grum
D:11:     layout_roguey, erik_orc_1, uniq_amaemon
D:12:     layout_loops_cross, portal_ice_cave_entry_pillars_2
D:13:     layout_basic, erik_vaults_1, uniq_lodul
D:14:     layout_basic, kennysheep_doodads, uniq_azrael
D:15:     gammafunk_depths_entry_grave, layout_long_grid,
          nicolae_wu_jian_immortal_techniques
Temple:   regret_index_temple_waves
Lair:1:   layout_regular_city, chequers_serial_rivers_small_b,
          chequers_serial_rivers_micro_e, minmay_stone_trees_small,
          serial_bayou_lake_a
Lair:2:   layout_regular_city, palyth_hydra_swamp_entry,
          nicolae_spider_entry_non_spiders
Lair:3:   layout_loops_ring, basic_altar, serial_bayou_shore_b,
          grunt_megastairs_2, serial_bayou_shore_b, lemuel_fruit_tree
Lair:4:   layout_layer_cave, minmay_lair_oklob_items, patterned_corridor
Lair:5:   due_jungle_book, layout_concentric_octagons,
          minmay_slime_entry_jelly_boxes, serial_bayou_pond_c,
          nicolae_quartered_pool_super, grunt_megastairs_4
Swamp:1:  layout_basic_swamp, infiniplex_staircase_pool_2
Swamp:2:  layout_basic_swamp, evilmike_swamp_ruin_house_4,
          infiniplex_staircase_pool
Swamp:3:  layout_basic_swamp, hangedman_swamp_ruin_wall, uniq_mlioglotl
Swamp:4:  swamp_vile, layout_basic_swamp
Spider:1: layout_spider_delve, uniq_frances
Spider:2: layout_cave_pods, uniq_nikola
Spider:3: layout_chambers
Spider:4: guppyfry_spider_rune
Orc:1:    layout_caves
Orc:2:    hellmonk_orc_salted, layout_caves
Vaults:1: ontoclasm_vaults_gateway, nicolae_vaults_surprise_closet,
          vaults_room_door_ring, serial_library_hellmonk_angled_corner,
          ontoclasm_vaults_decontamination, vaults_mumra_minichess_inversion,
          st_quartered_hall, nicolae_vaults_ninety_degrees,
          nicolae_vaults_apartment_2, nicolae_vaults_tangram_2, v_misc_14,
          nicolae_vaults_tangram_1, nicolae_vaults_door_testing_chamber,
          nicolae_vaults_yaktaur_gun_rack, nicolae_vaults_sesquioval_fish,
          nicolae_vaults_tetromino_Z_1, nicolae_vaults_asterisk,
          layout_vaults_omnibox

Skill      XL: |  1  2  3  4  5  6  7  8  9 10 11 12 13 14 15 16 17 18 19 |
---------------+----------------------------------------------------------+-----
Axes           | 2 3 4 5 6 7 9 10 11 12 13 15 16 17 18 | 18.0
Dodging        | 1 2 3 4 5 6 7 9 10 | 10.4
Fighting       | 4 5 6 7 8 9 11 12 13 14 15 | 15.1
Invocations    | 1 4 6 8 9 10 11 12 14 15 16 | 16.1
Armour         | 3 6 7 8 9 |  9.1
Shields        | 3 6 7 8 9 |  9.0
Spellcasting   | 4 5 6 |  6.5
Necromancy     | 2 4 5 |  5.8
Shapeshifting  | 2 4 6 7 8 |  8.1
Evocations     | 3 6 8 |  8.7

Action                     |  1- 3 |  4- 6 |  7- 9 | 10-12 | 13-15 | 16-18 | 19-21 || total
---------------------------+-------+-------+-------+-------+-------+-------+-------++-------
  Melee: War axe           |    65 |    90 |   268 |   236 |   761 |   137 |       ||  1557
         Broad axe         |       |       |       |       |       |   829 |    75 ||   904
   Cast: Vampiric Draining |       |       |       |       |     6 |     7 |       ||    13
 Invoke: Bend Time         |       |       |     1 |     5 |     1 |     1 |       ||     8
         Slouch            |       |       |       |     4 |     3 |    16 |     3 ||    26
         Step From Time    |       |       |       |     1 |       |       |     1 ||     2
  Evoke: Wand              |       |       |       |       |     2 |       |       ||     2
    Use: Scroll            |     2 |     1 |    10 |     5 |     7 |    11 |       ||    36
         Potion            |       |     6 |     6 |     5 |     1 |       |     2 ||    20
   Stab: Distracted        |       |       |       |       |       |     1 |       ||     1
 Armour: Scale mail        |    39 |       |       |       |       |       |       ||    39
         Chain mail        |     4 |    74 |   197 |    62 |       |       |       ||   337
         Plate armour      |       |       |       |   182 |   373 |   521 |    41 ||  1117
  Dodge: Dodged            |    26 |    29 |   116 |   186 |   361 |   413 |    19 ||  1150
  Block: Buckler           |    11 |    16 |    50 |   103 |   203 |       |       ||   383
         Tower shield      |       |       |       |       |   207 |  1403 |    82 ||  1692

Table legend: (Time is in decaauts)
 A = Elapsed time spent in this place.
 B = Non-inter-level travel time spent in this place.
 C = Inter-level travel time spent in this place.
 D = Time resting spent in this place.
 E = Time spent auto-exploring this place.
 F = Levels seen in this place.
 G = Mean time per level.
                   A        B        C        D        E       F      G
               +--------+--------+--------+--------+--------+-----+--------+
         Total |  49350 |  45625 |   3725 |   1982 |  36000 |  34 | 1451.5 |
       Dungeon |  20109 |  18540 |   1569 |      0 |  15596 |  15 | 1340.6 |
        Temple |     91 |     36 |     55 |      0 |      0 |   1 |   91.0 |
          Lair |  12594 |  11575 |   1019 |   1097 |   9140 |   5 | 2518.8 |
         Swamp |   4526 |   4134 |    392 |    342 |   2918 |   4 | 1131.5 |
   Spider Nest |   7207 |   6763 |    444 |    495 |   5161 |   4 | 1801.8 |
  Orcish Mines |   2228 |   1984 |    244 |     21 |   1431 |   2 | 1114.0 |
        Vaults |   1062 |   1062 |      0 |      0 |    861 |   1 | 1062.0 |
       Ossuary |    563 |    563 |      0 |      0 |    318 |   1 |  563.0 |
      Ice Cave |    965 |    965 |      0 |     27 |    573 |   1 |  965.0 |
               +--------+--------+--------+--------+--------+-----+--------+

Top non-repeatable levels by time:
  Lair:2: 3325 daAuts
  Lair:4: 2509 daAuts
  Lair:1: 2485 daAuts
  Lair:5: 2482 daAuts
Spider:3: 2236 daAuts
    D:10: 2165 daAuts
Spider:2: 2038 daAuts
    D:11: 1800 daAuts
  Lair:3: 1791 daAuts
     D:8: 1737 daAuts
    D:13: 1705 daAuts
Spider:4: 1636 daAuts
     D:6: 1604 daAuts
    D:14: 1509 daAuts
   Orc:2: 1473 daAuts
